 Dungeon Crawl Stone Soup version 0.27-a0-170-g607d9e9d85 (webtiles) character file.

Game seed: 397939393758063291

915520 timneilson the Gargoyle Barricade (level 27, 0/188 (189) HPs)
             Began as a Gargoyle Fighter on Jan 27, 2021.
             Was a High Priest of Okawaru.
             Slain by an Ice Fiend (10 damage)
             ... summoned by Ereshkigal
             ... on level 7 of Tartarus on Jan 29, 2021.
             The game lasted 04:31:05 (80366 turns).

timneilson the Gargoyle Barricade (GrFi)           Turns: 80366, Time: 04:31:05

HP:   0/188 (189)   AC: 77    Str: 33    XL:     27
MP:   30/34         EV: 13    Int: 16    God:    Okawaru [*****.]
Gold: 6142          SH: 27    Dex: 18    Spells: 26/26 levels left

rFire    + + .     SeeInvis +   S - +8 autumn katana {vorpal, Clar}
rCold    + + +     Faith    .   q - +2 shield of Resistance {rF++ rC++ Will++}
rNeg     + + .     Spirit   .   U - +10 crystal plate armour
rPois    ∞         Reflect  +   c - +1 helmet {SInv}
rElec    +         Harm     .   N - +1 cloak of Lust {Regen+ Int+4 SInv}
rCorr    .         Rampage  .   I - +3 pair of gauntlets of War {Slay+5}
Will     +++++     Clarity  +   H - +0 pair of boots {run}
Stlth    ..........             W - amulet of reflection
HPRegen  0.81/turn              C - ring "Juceiph" {*Drain rC+ Will+ Dex+9}
MPRegen  0.24/turn              d - ring "Guddoemu" {rPois rN+ Int+3 Slay+2}

@: mighty, heroism, finesse, doom-hounded, flying, hasted, lightly drained, very
quick
A: big wings, iridescent scales 1, low mp 1, strong-willed 1, negative energy
resistance 1, electricity resistance, unbreathing, evolution 1, petrification
resistance, no potion heal 1, miasma immunity, sturdy frame 1, AC +20
}: 6/15 runes: decaying, serpentine, silver, iron, icy, abyssal
a: Stop Flying, Renounce Religion, Heroism, Finesse


You were on level 7 of Tartarus.
You worshipped Okawaru.
Okawaru was extremely pleased with you.
You visited 15 branches of the dungeon, and saw 75 of its levels.
You visited the Abyss 1 time.
You also visited: Bailey, Ice Cave and Volcano.

You collected 11148 gold pieces.
You spent 5006 gold pieces at shops.

Inventory:

Hand Weapons
 k - the +5 demon blade "Agedyxkacw" {freeze, rPois MP+9}
   (Okawaru gifted it to you on level 5 of the Lair of Beasts)

   It has been specially enchanted to freeze those struck by it, causing extra
   injury to most foes and up to half again as much damage against particularly
   susceptible opponents.
   It can also slow down cold-blooded creatures.
   It protects you from poison.
   It affects your magic capacity (+9).
 S - the +8 autumn katana (weapon) {vorpal, Clar}
   (You found it on level 5 of the Vaults)

   It inflicts extra damage upon your enemies.
   It protects you against confusion.
 Z - a +3 demon blade of flaming
Armour
 c - a +1 helmet of see invisible (worn)
 q - the +2 shield of Resistance (worn) {rF++ rC++ Will++}
   (You bought it in a shop on level 4 of the Depths)

   It greatly protects you from fire.
   It greatly protects you from cold.
   It affects your willpower, your defense against some magical effects.
 H - a +0 pair of boots of running (worn)
 I - the +3 pair of gauntlets of War (worn) {Slay+5}
   (You bought it in a shop on level 2 of the Orcish Mines)

   It affects your accuracy and damage with ranged weapons and melee attacks
   (+5).
 N - the +1 cloak of Lust (worn) {Regen+ Int+4 SInv}
   (Okawaru gifted it to you on level 3 of the Crypt)

   It affects your intelligence (+4).
   It lets you see invisible.
   It increases your rate of regeneration.
 U - a +10 crystal plate armour (worn)
 V - a +1 hat
Jewellery
 d - the ring "Guddoemu" (right hand) {rPois rN+ Int+3 Slay+2}
   (You found it on level 3 of the Crypt)

   [ring of positive energy]

   It affects your intelligence (+3).
   It affects your accuracy and damage with ranged weapons and melee attacks
   (+2).
   It protects you from poison.
   It protects you from negative energy.
 A - an uncursed ring of resist corrosion
 C - the ring "Juceiph" (left hand) {*Drain rC+ Will+ Dex+9}
   (You found it on level 3 of the Crypt)

   [ring of willpower]

   It affects your dexterity (+9).
   It protects you from cold.
   It affects your willpower, your defense against some magical effects.
   It causes draining when unequipped.
 W - an amulet of reflection (around neck)
Wands
 u - a wand of digging (27)
 w - a wand of flame (29)
 E - a wand of iceblast (40)
 R - a wand of acid (45)
Scrolls
 b - a scroll of silence
 f - 20 scrolls of identify
 m - 26 scrolls of remove curse
 o - 8 scrolls of fog
 r - 22 scrolls of teleportation
 v - 7 scrolls of fear
 y - 8 scrolls of enchant weapon
 M - 6 scrolls of blinking
Potions
 a - 4 potions of berserk rage
 e - 14 potions of curing
 g - 7 potions of haste
 i - 3 potions of mutation
 j - 14 potions of attraction
 l - 18 potions of might
 p - a potion of magic
 s - 9 potions of cancellation
 t - a potion of invisibility
 Q - 6 potions of resistance
Miscellaneous
 h - a phantom mirror
 G - a condenser vane
 K - a lightning rod (4/4)
 Y - a tin of tremorstones (2/2)


   Skills:
 * Level 23.7(27) Fighting
 * Level 26.6(27) Long Blades
 O Level 27 Armour
 + Level 1.9(6.9) Dodging
 O Level 27 Shields
 + Level 22.3 Invocations
 + Level 19.0 Evocations


You had 26 spell levels left.
You didn't know any spells.
Your spell library contained the following spells:

 Spells                   Type           Power        Failure   Level
 Animate Skeleton         Necr           0%           65%         1
 Apportation              Tloc           0%           65%         1
 Beastly Appendage        Tmut           0%           65%         1
 Corona                   Hex            0%           65%         1
 Foxfire                  Conj/Fire      0%           65%         1
 Magic Dart               Conj           0%           65%         1
 Pain                     Necr           0%           65%         1
 Sandblast                Erth           0%           65%         1
 Shock                    Conj/Air       0%           65%         1
 Sting                    Tmut/Pois      0%           65%         1
 Summon Small Mammal      Summ           0%           65%         1
 Blink                    Tloc           N/A          80%         2
 Call Imp                 Summ           0%           80%         2
 Corpse Rot               Necr/Air       N/A          80%         2
 Ensorcelled Hibernation  Hex/Ice        0%           80%         2
 Passwall                 Tmut/Erth      0%           80%         2
 Poisonous Vapours        Pois/Air       0%           80%         2
 Searing Ray              Conj           0%           80%         2
 Slow                     Hex            0%           80%         2
 Swiftness                Air            0%           80%         2
 Wereblood                Tmut           0%           80%         2
 Confusing Touch          Hex            0%           95%         3
 Conjure Flame            Conj/Fire      0%           95%         3
 Dazzling Flash           Conj/Hex       0%           95%         3
 Gell's Gravitas          Tloc           0%           95%         3
 Ignite Poison            Fire/Tmut/Pois 0%           95%         3
 Inner Flame              Hex/Fire       0%           95%         3
 Lesser Beckoning         Tloc           0%           95%         3
 Mephitic Cloud           Conj/Pois/Air  0%           95%         3
 Portal Projectile        Hex/Tloc       0%           95%         3
 Spider Form              Tmut/Pois      0%           95%         3
 Stone Arrow              Conj/Erth      0%           95%         3
 Teleport Other           Tloc           0%           95%         3
 Tukima's Dance           Hex            0%           95%         3
 Vampiric Draining        Necr           0%           95%         3
 Animate Dead             Necr           0%           100%        4
 Cause Fear               Hex            0%           100%        4
 Dispel Undead            Necr           0%           100%        4
 Fulminant Prism          Conj/Hex       0%           100%        4
 Ice Form                 Ice/Tmut       0%           100%        4
 Iskenderun's Mystic Bla  Conj/Tloc      0%           100%        4
 Leda's Liquefaction      Hex/Erth       0%           100%        4
 Olgreb's Toxic Radiance  Pois           0%           100%        4
 Passage of Golubria      Tloc           N/A          100%        4
 Petrify                  Tmut/Erth      0%           100%        4
 Sticky Flame             Conj/Fire      0%           100%        4
 Agony                    Necr           0%           100%        5
 Alistair's Intoxication  Tmut/Pois      0%           100%        5
 Blade Hands              Tmut           0%           100%        5
 Bolt of Magma            Conj/Fire/Erth 0%           100%        5
 Borgnjor's Vile Clutch   Necr/Erth      0%           100%        5
 Excruciating Wounds      Necr           0%           100%        5
 Fireball                 Conj/Fire      0%           100%        5
 Irradiate                Conj/Tmut      0%           100%        5
 Iskenderun's Battlesphe  Conj           0%           100%        5
 Lee's Rapid Deconstruct  Erth           0%           100%        5
 Lightning Bolt           Conj/Air       0%           100%        5
 Metabolic Englaciation   Hex/Ice        0%           100%        5
 Silence                  Hex/Air        0%           100%        5
 Summon Forest            Summ/Tloc      0%           100%        5
 Summon Mana Viper        Hex/Summ       0%           100%        5
 Yara's Violent Unravell  Hex/Tmut       0%           100%        5
 Eringya's Noxious Bog    Tmut/Pois      0%           100%        6
 Freezing Cloud           Conj/Ice/Air   0%           100%        6
 Invisibility             Hex            0%           100%        6
 Iron Shot                Conj/Erth      0%           100%        6
 Shadow Creatures         Summ           N/A          100%        6
 Simulacrum               Ice/Necr       0%           100%        6
 Dragon Form              Tmut           0%           100%        7
 Orb of Destruction       Conj           0%           100%        7
 Ozocubu's Refrigeration  Ice            0%           100%        7
 Spellforged Servitor     Conj/Summ      0%           100%        7
 Summon Hydra             Summ           0%           100%        7
 Borgnjor's Revivificati  Necr           0%           100%        8
 Chain Lightning          Conj/Air       0%           100%        8
 Discord                  Hex            0%           100%        8
 Infestation              Necr           0%           100%        8
 Lehudib's Crystal Spear  Conj/Erth      0%           100%        8
 Necromutation            Tmut/Necr      0%           100%        8
 Absolute Zero            Ice            0%           100%        9
 Death's Door             Necr           0%           100%        9
 Dragon's Call            Summ           0%           100%        9
 Fire Storm               Conj/Fire      0%           100%        9
 Shatter                  Erth           0%           100%        9
 Sublimation of Blood     Necr           Unusable     N/A         2

Dungeon Overview and Level Annotations

Branches:
Dungeon (15/15)            Temple (1/1) D:7            Lair (6/6) D:8
  Swamp (4/4) Lair:2        Snake (4/4) Lair:2        Slime (0/5) Lair:5
    Orc (2/2) D:9             Elf (3/3) Orc:2        Vaults (5/5) D:13
  Crypt (3/3) Vaults:2       Tomb (0/3) Crypt:3      Depths (5/5) D:15
   Hell (visited)             Dis (7/7) Hell            Geh (0/7) Hell
    Coc (7/7) Hell            Tar (7/7) Hell            Zot (5/5) Depths:5
 Bailey (visited)           IceCv (visited)         Volcano (visited)

Altars:
Ashenzari
Cheibriados
Dithmenos
Elyvilon
Fedhas
Gozag
Hepliaklqana
Kikubaaqudgha
Makhleb
Nemelex Xobeh
Okawaru
Qazlal
Ru
Sif Muna
Trog
Uskayaw
Vehumet
Wu Jian
Xom
Yredelemnul
Zin
The Shining One
Beogh
Jiyva

Shops:
D:4 **   D:5 [   D:7 }   D:10 *   Orc:2 [[*:   Elf:1 ?   Elf:2 (:   Vaults:5 }
Depths:4 :!*

Portals:
Hell: Depths:1 Depths:2 Depths:3 Depths:4 Depths:5
Abyss: Depths:4
Pandemonium: Depths:3 Depths:5
Ziggurat: Depths:3

Annotations:
D:15 4 runed translucent doors
Tar:7 Ereshkigal
Zot:4 3 runed translucent doors, Koub's ghost, legendary GnFE


Innate Abilities, Weirdness & Mutations

You are resistant to torment.
Your stone body is resilient. (AC +20)
You are immune to poison.
Your large and strong wings let you fly indefinitely.
You resist negative energy. (rN+)
You are resistant to electric shocks. (rElec)
You can survive without breathing.
You are immune to petrification.
You are immune to miasma.
You are partially covered in iridescent scales. (AC +2)
Your magical capacity is low. (-10% MP)
You are strong-willed. (Will+)
You evolve.
Potions are less effective at restoring your health.
Your movements are slightly less encumbered by armour. (ER -2)


Message History

Ereshkigal is moderately wounded.
The stone giant zombie hits you.
* * * LOW HITPOINT WARNING * * *
Unknown command.
You block the troll skeleton's attack. x2; The troll skeleton claws you.
* * * LOW HITPOINT WARNING * * *
The Tzitzimitl gestures at you.
The bolt of negative energy hits the Tzitzimitl.
The Tzitzimitl completely resists.
The bolt of negative energy hits you. You partially resist.
You feel drained.
* * * LOW HITPOINT WARNING * * *
The bone dragon bites you.
* * * LOW HITPOINT WARNING * * *
The bone dragon claws you but does no damage.
You block the bone dragon's attack.
The Ice Fiend claws you but does no damage.
The Ice Fiend claws you!
* * * LOW HITPOINT WARNING * * *
The Ice Fiend freezes you! You resist.
You die...

##..####.##...##)#.#
... #....##...##
##:|#..
....#....#.....#
#:|}###
#..#....#..#..######..#
#..........#)..#...#..#
#........##...#'#.###.
###''''#####.##)#...#.
#....1D..# #.)..#.#.#.
#....@1Z.# #....#.#.##
#...D&Z1.# #..†.#.#..)
##...1..## #....#.##.#
#......# ##)#.#..#..
##....## #.#.##.##.
##''## #.#..#..## ....
#.##.##..# .....
#))#..##.. ##..##..###


You could see Ereshkigal (dazed), 2 bone dragons, 3 Tzitzimimeh, an Ice Fiend
(summoned, dazed), a stone giant zombie (dazed) and a troll skeleton (dazed).

Vanquished Creatures
  Antaeus (Coc:7)
  10 orbs of fire (Zot:5)
  Dispater (Dis:7)
  Mennas (Crypt:1)
  Mara (Crypt:3)
  A juggernaut (Depths:4)
  3 ancient liches
  4 shard shrikes
  3 Killer Klowns
  Margery (Vaults:2)
  Saint Roka (Snake:2)
  Vashnia (Snake:2)
  Xtahua (Vaults:3)
  the Enchantress (Depths:3)
  Geryon (Hell)
  15 golden dragons
  A pearl dragon (Depths:5)
  8 bone dragons
  6 doom hounds
  15 Tzitzimimeh
  4 iron giants
  A Brimstone Fiend (Dis:7)
  5 electric golems
  22 tentacled monstrosities
  25 Orb Guardians (Zot:5)
  9 liches
  5 Hell Sentinels (Dis:7)
  19 Ice Fiends
  2 deep elf blademasters (Elf:3)
  2 deep elf master archers (Elf:3)
  4 titans
  Gastronok (Lair:2)
  Murray (Depths:5)
  8 quicksilver dragons
  An Executioner (Dis:7)
  11 death cobs
  14 ancient champions
  6 tengu reavers
  6 sphinxes
  4 thorn hunters
  13 storm dragons
  Kirke (Snake:2)
  17 shadow dragons
  Donald (Swamp:3)
  11 nagarajas
  A revenant (Crypt:3)
  An azure jelly (Swamp:4)
  4 draconian monks
  13 frost giants
  8 iron dragons
  4 ghost moths
  5 deep elf sorcerers
  7 fire giants
  15 vault wardens
  6 draconian scorchers
  4 cacodemons (Dis:7)
  4 draconian knights
  2 balrugs
  11 draconian shifters
  5 curse skulls
  The ghost of Piggeq the Protected, a journeyman MiFi (Lair:6)
  60 reapers
  4 deep elf elementalists (Elf:3)
  6 ghouls
  6 draconian stormcallers
  9 draconian annihilators
  5 spriggan defenders
  5 elemental wellsprings (Coc:7)
  25 stone giants
  An ophan (Depths:5)
  26 ironheart preservers
  3 war gargoyles
  An apis (Depths:5)
  16 very ugly things
  17 green draconians
  16 vampire knights
  8 deep elf demonologists
  15 black draconians
  14 deep elf annihilators
  3 spark wasps (Depths:5)
  12 red draconians
  2 entropy weavers
  9 yellow draconians
  3 bunyips
  18 white draconians
  18 purple draconians
  15 deep elf death magi
  A fire dragon (shapeshifter) (Vaults:1)
  21 ettins
  7 eleionomae
  2 shambling mangroves
  11 eidola
  A mummy priest (Crypt:3)
  10 blizzard demons
  7 fire dragons
  A deep elf high priest (Vaults:5)
  21 yaktaur captains
  10 jiangshi
  8 quicksilver dragon zombies
  7 great orbs of eyes
  27 vault guards
  3 kraken zombies
  14 naga warriors
  18 hydras
  6 rakshasas
  A monstrous demonspawn (Depths:5)
  3 ghost crabs
  12 boulder beetles
  5 quicksilver dragon skeletons
  An anaconda (shapeshifter) (Depths:4)
  39 two-headed ogres
  2 hell beasts
  24 ice dragons
  2 spriggan air magi
  A catoblepas (Lair:4)
  3 death knights
  7 alligators
  8 anacondas
  31 dancing weapons
  9 centaur warriors
  11 ogre magi
  4 hell hogs (Hell)
  11 deep troll shamans
  4 death yaks
  7 spriggan berserkers
  21 soul eaters
  14 deep troll earth magi
  7 tengu warriors
  5 shock serpents
  12 vampire magi
  5 sun demons
  3 titan zombies
  An orc high priest (Orc:1)
  Urug (Orc:1)
  21 naga sharpshooters
  2 storm dragon zombies
  A wretched star (Abyss:3)
  19 deep elf knights
  Sonja (D:13)
  4 titan skeletons
  A salamander mystic (Snake:3)
  125 skeletal warriors
  21 hell knights
  9 iron golems (Dis:6)
  19 iron trolls
  A large abomination (Elf:3)
  5 storm dragon skeletons
  3 goliath frogs
  A shadow wraith (Crypt:2)
  19 shadow demons
  A fire crab (Abyss:3)
  A sixfirhy (Depths:5)
  An unseen horror (Vaults:1)
  5 golden dragon zombies
  42 deep trolls
  3 glowing orange brains
  11 anaconda zombies
  A torturous demonspawn (Depths:5)
  7 wizards
  4 spriggan druids
  2 swamp dragons
  2 gelid demonspawn (Depths:3)
  12 bog bodies
  5 shadow dragon zombies
  16 ironbrand convokers
  7 flayed ghosts
  31 phantasmal warriors
  A lindwurm (Lair:4)
  5 wolf spider zombies
  13 harpies
  23 deep elf archers
  A golden dragon skeleton (Coc:4)
  4 naga ritualists
  4 anaconda skeletons
  5 iron dragon zombies
  3 frost giant zombies
  2 stone giant zombies
  An orange crystal statue (Zot:5)
  4 mana vipers
  7 cyclopes
  4 oklob plants (Lair:5)
  7 fire giant zombies
  6 shadow dragon skeletons
  13 orc knights
  3 orc sorcerers
  2 shining eyes (shapeshifter)
  39 necromancers
  3 manticores
  3 frost giant skeletons
  32 ugly things
  2 will-o-the-wisps
  84 deep elf magi
  9 salamanders
  28 moths of wrath
  3 shock serpent zombies
  14 elephants
  2 iron dragon skeletons
  7 wolf spiders
  An ice statue (IceCv)
  3 stone giant skeletons
  An elephant (shapeshifter) (Vaults:4)
  21 naga magi
  3 fire giant skeletons
  4 guardian serpents
  4 dire elephant zombies
  35 rust devils
  6 centaur zombies
  31 black mambas
  10 vault sentinels
  An orange demon (Depths:3)
  A dire elephant skeleton (Coc:1)
  4 smoke demons
  7 spectral swamp worms
  2 torpor snails
  An apocalypse crab (Abyss:3)
  2 molten gargoyles (Hell)
  An alligator snapping turtle zombie (Crypt:1)
  2 gargoyles
  A cane toad (shapeshifter) (Vaults:3)
  12 cane toads
  2 storm dragon simulacra
  12 hellions
  A catoblepas zombie (Dis:3)
  A komodo dragon (shapeshifter) (D:15)
  14 komodo dragons
  3 rime drakes
  20 tormentors
  2 emperor scorpion zombies
  45 yaktaurs
  37 freezing wraiths
  2 yaktaurs (shapeshifter)
  13 hellwings (Crypt:3)
  A death yak zombie (Crypt:1)
  2 small abominations (Elf:3)
  22 ice devils
  3 guardian mummies
  2 catoblepas skeletons
  5 red devils
  A silent spectre (Tar:3)
  2 jumping spiders (Crypt:3)
  A queen bee (shapeshifter) (Depths:2)
  A jumping spider (shapeshifter) (Vaults:3)
  22 polar bears
  2 trolls (shapeshifter)
  19 trolls
  10 tyrant leeches
  4 tengu conjurers
  11 hydra zombies
  A merfolk (shapeshifter) (Depths:2)
  A red draconian skeleton (Crypt:1)
  A polar bear (shapeshifter) (Vaults:5)
  16 hornets
  2 harpy skeletons
  A hornet (shapeshifter) (Vaults:2)
  6 hydra skeletons
  11 slime creatures
  13 blink frogs
  2 dream sheep (Lair:6)
  A fire giant simulacrum (Vaults:2)
  2 blink frogs (shapeshifter)
  A frost giant simulacrum (Coc:7)
  3 alligator zombies
  5 fire dragon zombies
  2 slime creatures (shapeshifter)
  A stone giant simulacrum (Vaults:4)
  74 flying skulls
  An air elemental (Elf:1)
  5 ettin zombies
  A snapping turtle (shapeshifter) (Elf:1)
  2 fire dragon skeletons
  An ice dragon zombie (Crypt:3)
  Sigmund (D:2)
  An ice dragon skeleton (Coc:7)
  6 redbacks
  22 spriggans
  A black mamba zombie (Dis:7)
  13 shadows
  15 wraiths
  A vampire (D:14)
  An alligator skeleton (Hell)
  2 ettin skeletons
  21 water elementals
  2 tarantellas (shapeshifter)
  A tarantella (Vaults:2)
  9 wyverns
  6 fire bats (Volcano)
  2 yaks (shapeshifter)
  52 yaks
  Grum (D:8)
  7 basilisks
  A chaos spawn (Depths:5)
  3 black mamba skeletons
  A hog (Snake:2)
  3 steam dragons
  13 vampire mosquitoes
  9 fire elementals
  4 wargs
  22 swamp worms
  4 swamp worm simulacra (Swamp:4)
  2 yaktaur simulacra (Vaults:1)
  44 nagas
  4 acid dragons
  3 human zombies
  24 hell hounds
  21 water moccasins
  A merfolk zombie (Crypt:3)
  6 cane toad zombies
  A floating eye (Depths:2)
  A swamp drake (Swamp:1)
  17 hydra simulacra
  46 orc warriors
  A soldier ant (D:14)
  17 ice beasts
  2 eyes of draining
  An eye of draining (shapeshifter) (Vaults:4)
  A merfolk skeleton (Crypt:2)
  4 cane toad skeletons
  An alligator simulacrum (Hell)
  7 sky beasts
  5 black bears
  23 necrophages
  12 phantoms
  A tengu (shapeshifter) (Elf:1)
  2 ice dragon simulacra
  2 manticore zombies
  2 ettin simulacra
  4 swamp dragon zombies
  41 ogres
  48 wolves
  A centaur (shapeshifter) (Depths:3)
  2 swamp dragon skeletons
  2 snapping turtle skeletons
  5 boggarts
  19 centaurs
  2 manticore skeletons
  6 snapping turtle zombies
  A salamander zombie (Crypt:2)
  A big kobold (D:14)
  5 human skeletons
  20 bullfrogs
  An elf zombie (Coc:5)
  8 gnoll sergeants (Bailey)
  5 earth elementals
  10 wyvern skeletons
  A scorpion (shapeshifter) (Vaults:4)
  A scorpion (D:11)
  A water moccasin skeleton (D:11)
  2 troll zombies
  A manticore simulacrum (Coc:2)
  16 killer bees
  38 wights
  A troll skeleton (Crypt:1)
  An electric eel (Lair:2)
  A vampire bat (Lair:2)
  3 howler monkeys
  4 crimson imps
  4 quasits
  6 gnoll shamans (Bailey)
  3 human simulacra
  2 jellies
  Crazy Yiuf (D:4)
  5 bullfrog skeletons
  8 hounds
  32 iron imps
  27 orc priests
  13 centaur skeletons
  5 iguanas
  30 orc wizards
  12 worker ants
  6 hell rats (Lair:4)
  A lightning spire (Zot:1)
  A killer bee zombie (D:7)
  2 ogre zombies
  A big kobold zombie (Crypt:1)
  A demigod skeleton (Crypt:1)
  A hound zombie (Crypt:2)
  2 tengu skeletons
  4 hound skeletons
  A howler monkey zombie (Crypt:2)
  12 mummies
  2 worker ant zombies
  28 adders
  21 gnolls
  A howler monkey skeleton (Crypt:1)
  11 shadow imps
  13 white imps
  5 ufetubi
  3 oozes
  4 swamp drake simulacra (Swamp:4)
  An adder skeleton (D:3)
  3 worms
  10 dart slugs
  3 leopard geckos (D:2)
  153 orcs
  2 ball pythons
  3 giant cockroaches
  13 goblins
  5 hobgoblins
  12 jackals
  7 quokkas
  14 bats
  5 frilled lizards
  A giant cockroach zombie (Crypt:2)
  9 kobolds
  An orc zombie (Crypt:3)
  5 rats
  2 crawling corpses
  5 tentacles
3657 creatures vanquished.

Vanquished Creatures (others)
  Frances (Swamp:2)
  A kraken (Abyss:3)
  4 very ugly things (Depths:1)
  A stone giant (Depths:1)
  2 elemental wellsprings
  A centaur warrior (Depths:1)
  An alligator (Swamp:2)
  A swamp dragon (Swamp:2)
  A bog body (Swamp:2)
  A necromancer (Zot:2)
  2 ugly things (Depths:1)
  A deep elf mage (Elf:1)
  A will-o-the-wisp (Swamp:4)
  A tyrant leech (Swamp:4)
  3 bloated husks (Swamp:2)
  2 hornets
  A flying skull (Coc:4)
  An air elemental (Elf:1)
  A spriggan (Swamp:4)
  A water elemental (Coc:7)
  A steam dragon (Volcano)
  A warg (Vaults:5)
  A necrophage (Swamp:3)
  A boggart (Lair:6)
  2 orcs
  A crawling corpse (Crypt:3)
  18 foxfires
  18 fungi
  81 plants
  13 tentacles
  4 withered plants (Crypt:3)
169 creatures vanquished.

Grand Total: 3826 creatures vanquished

Notes
Turn   | Place    | Note
-------+----------+-------------------------------------------
     0 | D:1      | timneilson the Gargoyle Fighter began the quest for the
                  | Orb.
     0 | D:1      | Reached XP level 1. HP: 14/14 MP: 1/1
    29 | D:1      | Reached XP level 2. HP: 14/19 MP: 2/2
   700 | D:1      | Reached XP level 3. HP: 23/23 MP: 3/3
  1093 | D:2      | Found an iron altar of Okawaru.
  1106 | D:2      | Became a worshipper of Warmaster Okawaru
  1188 | D:2      | Reached XP level 4. HP: 20/28 MP: 4/4
  1411 | D:2      | Found a hazy altar of Hepliaklqana.
  1789 | D:2      | Noticed Sigmund
  1801 | D:2      | Killed Sigmund
  1801 | D:2      | Reached * piety under Okawaru
  1802 | D:2      | Reached skill level 1 in Invocations
  1802 | D:2      | Reached XP level 5. HP: 18/33 MP: 4/6
  1802 | D:2      | Reached XP level 6. HP: 20/38 MP: 4/7
  2756 | D:3      | Reached skill level 5 in Armour
  2756 | D:3      | Reached skill level 5 in Shields
  2790 | D:3      | Reached XP level 7. HP: 30/43 MP: 5/8
  3216 | D:4      | Reached ** piety under Okawaru
  3233 | D:4      | Found Qirrexuo's Serpentskin Sales.
  3401 | D:4      | Found Zuryfesk's General Store.
  3524 | D:4      | Found a runed translucent door.
  3525 | D:4      | Noticed Crazy Yiuf
  3997 | D:4      | Reached XP level 8. HP: 19/48 MP: 6/9
  4411 | D:4      | Killed Crazy Yiuf
  4471 | D:5      | Entered Level 5 of the Dungeon
  4613 | D:5      | Found a hide-covered altar of Uskayaw.
  4730 | D:5      | Reached skill level 5 in Fighting
  5031 | D:5      | Found Vock's Antique Armour Emporium.
  5357 | D:6      | Reached skill level 5 in Long Blades
  5608 | D:6      | Reached *** piety under Okawaru
  5821 | D:6      | Reached XP level 9. HP: 54/54 MP: 11/11
  6166 | D:6      | Found a broken altar of Ashenzari.
  6597 | D:7      | Found a staircase to the Ecumenical Temple.
  6612 | Temple   | Entered the Ecumenical Temple
  6864 | D:7      | Reached **** piety under Okawaru
  6868 | D:7      | Found Zinoul's Gadget Shop.
  7436 | D:8      | Noticed Grum
  7446 | D:8      | Killed Grum
  7447 | D:8      | Reached XP level 10. HP: 60/60 MP: 11/13
  7600 | D:8      | Found an ornate altar of the Wu Jian Council.
  7620 | D:8      | Noticed a two-headed ogre
  7644 | D:8      | Killed a two-headed ogre
  7644 | D:8      | Reached ***** piety under Okawaru
  7645 | D:8      | Reached skill level 5 in Invocations
  7774 | D:8      | Received a gift from Okawaru
  7976 | D:8      | Found a staircase to the Lair.
  8414 | D:9      | Found a bloodstained altar of Trog.
  8538 | D:9      | Reached XP level 11. HP: 44/67 MP: 13/15
  8840 | D:9      | Found a staircase to the Orcish Mines.
  8990 | D:10     | Entered Level 10 of the Dungeon
  9005 | D:10     | Found a flagged portal.
  9023 | Bailey   | Entered a bailey
  9030 | Bailey   | Received a gift from Okawaru
  9116 | Bailey   | Reached skill level 1 in Evocations
  9441 | Bailey   | Found the +3 hat of Pondering {ponderous, Will+ MP+10
                  | Int+5}
  9891 | D:10     | Found Cilogag's Assorted Antiques.
  9907 | D:10     | Reached skill level 10 in Shields
 10121 | D:10     | Reached skill level 10 in Armour
 10282 | D:10     | Noticed a two-headed ogre
 10291 | D:10     | Killed a two-headed ogre
 11318 | D:11     | Found the +4 moon troll leather armour {Spirit, Regen++
                  | MP+5}
 11510 | D:11     | Noticed a cyclops
 11519 | D:11     | Killed a cyclops
 11929 | D:12     | Noticed a two-headed ogre
 11947 | D:11     | Killed a two-headed ogre
 11948 | D:11     | Reached XP level 12. HP: 72/73 MP: 17/17
 12128 | D:12     | Noticed an eight-headed hydra
 12135 | D:12     | Killed an eight-headed hydra
 12916 | D:12     | Noticed a boulder beetle
 12996 | D:12     | Killed a boulder beetle
 12996 | D:12     | Received a gift from Okawaru
 13451 | D:13     | Noticed a two-headed ogre
 13466 | D:12     | Killed a two-headed ogre
 13516 | D:13     | Noticed a two-headed ogre
 13526 | D:13     | Killed a two-headed ogre
 13573 | D:13     | Noticed a centaur warrior
 13591 | D:13     | Killed a centaur warrior
 13606 | D:13     | Reached XP level 13. HP: 49/80 MP: 18/18
 13608 | D:13     | Reached skill level 10 in Long Blades
 13891 | D:13     | Reached ****** piety under Okawaru
 14143 | D:13     | Noticed Sonja
 14177 | D:13     | Received a gift from Okawaru
 14225 | D:13     | Found a gate to the Vaults.
 14498 | D:13     | Killed Sonja
 14892 | Lair:1   | Entered Level 1 of the Lair of Beasts
 14925 | Lair:1   | Found a dark tunnel.
 14934 | Volcano  | Entered a volcano
 15314 | Volcano  | Received a gift from Okawaru
 15315 | Volcano  | Reached skill level 5 in Evocations
 15472 | Volcano  | Noticed a fire dragon
 15500 | Volcano  | Killed a fire dragon
 15656 | Lair:1   | Received a gift from Okawaru
 15997 | Lair:1   | Reached skill level 15 in Shields
 16178 | Lair:1   | Gained mutation: Your large and strong wings let you fly
                  | indefinitely. [Gargoyle growth]
 16178 | Lair:1   | Reached XP level 14. HP: 84/87 MP: 20/20
 16539 | Lair:2   | Found a staircase to the Swamp.
 16730 | Lair:2   | Found a staircase to the Snake Pit.
 17036 | Lair:2   | Noticed Gastronok
 17047 | Lair:2   | Killed Gastronok
 17505 | Lair:2   | Identified a scroll of acquirement
 17505 | Lair:2   | Acquired the ring of Waroxziu {Fire *Corrode Will+++ Str+2
                  | Dex-3}
 17935 | Lair:3   | Received a gift from Okawaru
 17958 | Lair:3   | Reached skill level 10 in Fighting
 19672 | Lair:5   | Received a gift from Okawaru
 19690 | Lair:5   | Got a jewelled demon blade {god gift}
 19691 | Lair:5   | Identified the +5 demon blade "Agedyxkacw" {freeze, rPois
                  | MP+9} (Okawaru gifted it to you on level 5 of the Lair of
                  | Beasts)
 20018 | Lair:5   | Reached XP level 15. HP: 93/93 MP: 22/22
 20087 | Lair:5   | Received a gift from Okawaru
 20600 | Lair:5   | Found a viscous altar of Jiyva.
 20601 | Lair:5   | Found a staircase to the Slime Pits.
 20762 | Lair:6   | Entered Level 6 of the Lair of Beasts
 21177 | Lair:6   | Received a gift from Okawaru
 21192 | Lair:6   | Reached skill level 10 in Invocations
 21579 | Lair:6   | Received a gift from Okawaru
 21663 | Lair:6   | Found a runed translucent gate.
 21820 | Lair:6   | Found a runed translucent gate.
 21820 | Lair:6   | Noticed Piggeq's ghost (journeyman MiFi)
 21821 | Lair:6   | Found a runed translucent gate.
 22479 | Lair:5   | Upgraded the game from 0.27-a0-148-g9515ab555c to
                  | 0.27-a0-170-g607d9e9d85
 22645 | Orc:1    | Entered Level 1 of the Orcish Mines
 22919 | Orc:1    | Noticed Urug
 22930 | Orc:1    | Killed Urug
 23096 | Orc:1    | Paralysed by an orc sorcerer for 7 turns
 23856 | Orc:2    | Entered Level 2 of the Orcish Mines
 23856 | Orc:2    | Found a staircase to the Elven Halls.
 23924 | Orc:2    | Found a roughly hewn altar of Beogh.
 23989 | Orc:2    | Reached XP level 16. HP: 96/100 MP: 23/23
 24104 | Orc:2    | Found Busysm's Armour Shoppe.
 24137 | Orc:2    | Found a frozen archway.
 24189 | Orc:2    | Reached skill level 15 in Armour
 24198 | IceCv    | Entered an ice cave
 24206 | IceCv    | Received a gift from Okawaru
 24210 | IceCv    | Got a warped falchion {god gift}
 25065 | Orc:2    | Found Avik's Assorted Antiques.
 25069 | Orc:2    | Found Huusil's Book Emporium.
 25071 | Orc:2    | Found Sowkixem's Antique Armour Shoppe.
 25108 | Orc:2    | Bought the +3 pair of gauntlets of War {Slay+5} for 1187
                  | gold pieces
 25108 | Orc:2    | Found the +3 pair of gauntlets of War {Slay+5}
 25233 | Orc:2    | Found a bloodstained altar of Trog.
 25522 | Snake:1  | Entered Level 1 of the Snake Pit
 25677 | Snake:1  | Received a gift from Okawaru
 25697 | Snake:1  | Got an iridescent scimitar {god gift}
 25698 | Snake:1  | Identified the +7 scimitar of the Endless March {elec, rF+
                  | Will- Dex+7} (Okawaru gifted it to you on level 1 of the
                  | Snake Pit)
 25845 | D:7      | Bought a condenser vane for 440 gold pieces
 26849 | Snake:2  | Noticed Vashnia
 26869 | Snake:2  | Killed Vashnia
 26986 | Snake:2  | Noticed a nagaraja
 27000 | Snake:2  | Killed a nagaraja
 27000 | Snake:2  | Received a gift from Okawaru
 27001 | Snake:2  | Reached XP level 17. HP: 96/106 MP: 25/25
 27003 | Snake:2  | Found a shimmering altar of Xom.
 27255 | Snake:2  | Noticed Saint Roka
 27275 | Snake:2  | Killed Saint Roka
 27491 | Snake:2  | Noticed Kirke
 27505 | Snake:2  | Killed Kirke
 29013 | D:15     | Entered Level 15 of the Dungeon
 29053 | D:15     | Found a runed translucent door.
 29065 | D:15     | Found a runed translucent door.
 29080 | D:15     | Found a runed translucent door.
 29110 | D:15     | Found a runed translucent door.
 29233 | D:15     | Received a gift from Okawaru
 29356 | D:15     | Found a staircase to the Depths.
 29722 | D:15     | Found an ornate altar of the Wu Jian Council.
 30011 | Depths:1 | Entered Level 1 of the Depths
 30192 | Depths:1 | Received a gift from Okawaru
 30346 | Depths:1 | Reached XP level 18. HP: 112/112 MP: 26/26
 30787 | Depths:1 | Found a gateway to Hell.
 31674 | Depths:2 | Received a gift from Okawaru
 32102 | Depths:2 | Noticed a tentacled monstrosity
 32116 | Depths:2 | Killed a tentacled monstrosity
 32128 | Depths:2 | Noticed a tentacled monstrosity
 32140 | Depths:2 | Killed a tentacled monstrosity
 32141 | Depths:2 | Reached XP level 19. HP: 99/119 MP: 28/28
 32154 | Depths:2 | Paralysed by a floating eye for 4 turns
 32169 | Depths:2 | Paralysed by a floating eye for 2 turns
 32195 | Depths:2 | Received a gift from Okawaru
 32721 | Depths:2 | Reached skill level 15 in Long Blades
 33937 | Lair:6   | Killed Piggeq's ghost
 34201 | Snake:3  | Reached skill level 10 in Evocations
 34749 | Snake:3  | Received a gift from Okawaru
 35417 | Snake:4  | Entered Level 4 of the Snake Pit
 35779 | Snake:4  | Reached XP level 20. HP: 101/125 MP: 28/29
 36012 | Snake:4  | Acquired a manual of Long Blades
 36123 | Snake:4  | Got a serpentine rune of Zot
 36753 | Swamp:1  | Entered Level 1 of the Swamp
 36753 | Swamp:1  | Found a burning altar of Makhleb.
 36889 | Swamp:1  | Received a gift from Okawaru
 37660 | Swamp:2  | Noticed Frances
 37681 | Swamp:2  | Killed Frances
 39005 | Swamp:3  | Noticed Donald
 39015 | Swamp:3  | Killed Donald
 39434 | Swamp:4  | Entered Level 4 of the Swamp
 39738 | Swamp:4  | Received a gift from Okawaru
 40086 | Swamp:4  | Got a decaying rune of Zot
 40621 | Vaults:1 | Entered Level 1 of the Vaults
 40841 | Vaults:1 | Reached XP level 21. HP: 34/132 MP: 4/31
 41219 | Vaults:1 | Found a radiant altar of Vehumet.
 41265 | Vaults:1 | Got a flickering ivory ring
 41266 | Vaults:1 | Identified the ring of False Hope {rElec Dex+6 SInv} (You
                  | found it on level 1 of the Vaults)
 41340 | Vaults:1 | Paralysed by a great orb of eyes for 6 turns
 41403 | Vaults:1 | Identified the +1 cloak of Purpose {rF- Str+8} (You found
                  | it on level 1 of the Vaults)
 41638 | Vaults:1 | Gained mutation: You are frail. (-10% HP) [a shining eye]
 41980 | Vaults:1 | Received a gift from Okawaru
 42374 | Vaults:2 | Found a staircase to the Crypt.
 42378 | Vaults:2 | Noticed Margery
 42406 | Vaults:2 | Killed Margery
 42462 | Vaults:2 | Received a gift from Okawaru
 42495 | Vaults:2 | Identified a +0 pair of boots of running (Okawaru gifted it
                  | to you on level 2 of the Vaults)
 44044 | Vaults:3 | Reached XP level 22. HP: 124/124 MP: 32/32
 44278 | Vaults:3 | Noticed Xtahua
 44281 | Vaults:3 | Paralysed by Xtahua for 4 turns
 44303 | Vaults:3 | Killed Xtahua
 44602 | Vaults:3 | Reached skill level 15 in Fighting
 45108 | Vaults:3 | Received a gift from Okawaru
 47330 | Vaults:5 | Entered Level 5 of the Vaults
 47974 | Depths:3 | Reached XP level 23. HP: 85/129 MP: 27/34
 48179 | Depths:3 | Found a gateway to a ziggurat.
 48459 | Depths:3 | Found a one-way gate leading to the halls of Pandemonium.
 48474 | Depths:3 | Reached skill level 15 in Invocations
 48747 | Depths:3 | Received a gift from Okawaru
 48775 | Depths:3 | Noticed the Enchantress
 48795 | Depths:3 | Killed the Enchantress
 48799 | Depths:3 | Got a pair of shimmering boots {god gift}
 48800 | Depths:3 | Identified the +2 pair of boots of Gravitas {rElec Int+4
                  | SInv} (Okawaru gifted it to you on level 3 of the Depths)
 48803 | Depths:3 | Found a radiant altar of Vehumet.
 49127 | Depths:3 | Identified the Volume of Ashen Conjuration
 49319 | Depths:4 | Found Qaxtaih's Distillery.
 49334 | Depths:4 | Found Bixkur's Book Boutique.
 49522 | Depths:4 | Found a one-way gate to the infinite horrors of the Abyss.
 49896 | Depths:4 | Found Unuavu's Assorted Antiques.
 50379 | Depths:4 | Noticed a golden dragon
 50390 | Depths:4 | Killed a golden dragon
 50423 | Depths:4 | Noticed a juggernaut
 50433 | Depths:4 | Killed a juggernaut
 51217 | Depths:5 | Entered Level 5 of the Depths
 51228 | Depths:4 | Received a gift from Okawaru
 51231 | Depths:4 | Got an ancient kite shield {god gift}
 51232 | Depths:4 | Identified the +5 kite shield "Umotias" {+Fly rPois Int-2
                  | Stlth+} (Okawaru gifted it to you on level 4 of the Depths)
 51798 | Depths:5 | Reached XP level 24. HP: 128/136 MP: 30/34
 52020 | Depths:5 | Found a gate to the Realm of Zot.
 52796 | Depths:5 | Found a glowing silver altar of Zin.
 52798 | Depths:5 | Found a white marble altar of Elyvilon.
 52799 | Depths:5 | Found a glowing golden altar of the Shining One.
 53403 | Crypt:1  | Entered Level 1 of the Crypt
 53561 | Crypt:1  | Received a gift from Okawaru
 54451 | Crypt:1  | Noticed Mennas
 54485 | Crypt:1  | Killed Mennas
 54899 | Crypt:2  | Received a gift from Okawaru
 55090 | Crypt:2  | Reached XP level 25. HP: 143/143 MP: 35/35
 55604 | Crypt:2  | Found the +12 Vampire's Tooth {vamp}
 55655 | Crypt:1  | Found a basalt altar of Yredelemnul.
 55676 | Crypt:3  | Entered Level 3 of the Crypt
 56651 | Crypt:3  | Received a gift from Okawaru
 56666 | Crypt:3  | Got a fine cloak {god gift}
 56667 | Crypt:3  | Identified the +1 cloak of Lust {Regen+ Int+4 SInv}
                  | (Okawaru gifted it to you on level 3 of the Crypt)
 56820 | Crypt:3  | Found a staircase to the Tomb.
 57075 | Crypt:3  | Found an ancient bone altar of Kikubaaqudgha.
 57280 | Crypt:3  | Noticed Mara
 57283 | Crypt:3  | Noticed timneilson's illusion
 57322 | Crypt:3  | Noticed timneilson's illusion
 57322 | Crypt:3  | Killed Mara
 57460 | Crypt:3  | Noticed an ancient lich
 57482 | Crypt:3  | Killed an ancient lich
 57489 | Crypt:3  | Identified Voil Down's Tome of Confrontation and the
                  | Arsonist
 57494 | Crypt:3  | Got a scorched glass ring
 57571 | Crypt:3  | Identified the ring "Juceiph" {*Drain rC+ Will+ Dex+9} (You
                  | found it on level 3 of the Crypt)
 57572 | Crypt:3  | Identified the ring of Culuel {rPois rN+ Will++ Int-3
                  | Dex+2} (You found it on level 3 of the Crypt)
 57573 | Crypt:3  | Identified the ring "Guddoemu" {rPois rN+ Int+3 Slay+2}
                  | (You found it on level 3 of the Crypt)
 58570 | Depths:4 | Bought the +2 shield of Resistance {rF++ rC++ Will++} for
                  | 1622 gold pieces
 58570 | Depths:4 | Found the +2 shield of Resistance {rF++ rC++ Will++}
 58842 | Elf:1    | Entered Level 1 of the Elven Halls
 59289 | Elf:1    | Found Jeqaqer's Magic Scroll Emporium.
 59321 | Elf:1    | Bought a scroll of identify for 34 gold pieces
 59321 | Elf:1    | Bought a scroll of magic mapping for 59 gold pieces
 59321 | Elf:1    | Bought 3 scrolls of identify for 102 gold pieces
 59321 | Elf:1    | Bought a scroll of identify for 34 gold pieces
 59939 | Elf:2    | Found Ena Voge's Book Shop.
 60220 | Elf:2    | Found a huge runed translucent gate.
 60220 | Elf:2    | Found a huge runed translucent gate.
 60220 | Elf:2    | Found a huge runed translucent gate.
 60220 | Elf:2    | Found a huge runed translucent gate.
 60223 | Elf:2    | Found a huge runed translucent gate.
 60321 | Elf:2    | Reached XP level 26. HP: 148/148 MP: 35/35
 60447 | Elf:2    | Found Edu Lel's Antique Weapon Emporium.
 60455 | Elf:2    | Received a gift from Okawaru
 60458 | Elf:2    | Identified the +6 long sword "Cioji" {pain, Fragile Will++}
                  | (Okawaru gifted it to you on level 2 of the Elven Halls)
 61477 | Elf:3    | Entered Level 3 of the Elven Halls
 61652 | Elf:3    | Received a gift from Okawaru
 61831 | Elf:3    | Identified the +5 spear of the Shining Light {flame, *Noise
                  | +Inv rElec rF-}
 61831 | Elf:3    | Identified the ring of Discord {rC+ Dex+3}
 61840 | Elf:3    | Received a gift from Okawaru
 61929 | Elf:3    | Identified the cursed +3 great mace of Ophas {freeze, rF+
                  | rC+ Str-5 SInv}
 61930 | Elf:3    | Found the +12 glaive of Prune {vorpal}
 62943 | Vaults:5 | Cast into level 3 of the Abyss (+0 scimitar of distortion)
 63012 | Abyss:3  | Got an abyssal rune of Zot
 63017 | Vaults:5 | Escaped the Abyss
 63147 | Vaults:5 | Reached XP level 27. HP: 148/154 MP: 33/35
 63157 | Vaults:5 | Noticed an ancient lich
 63170 | Vaults:5 | Killed an ancient lich
 63225 | Vaults:5 | Found the +15 Maxwell's patent armour {-Cast -Tele rElec
                  | Will+ rCorr}
 63312 | Vaults:5 | Found the +8 autumn katana {vorpal, Clar}
 63313 | Vaults:5 | Identified the amulet of Day {rC+ Regen+ Stlth+}
 63358 | Vaults:5 | Identified the Almanac of the Igneous Voyage
 63526 | Vaults:5 | Received a gift from Okawaru
 63759 | Vaults:5 | Found Ziuhuc's Gadget Boutique.
 63878 | Vaults:5 | Identified the +1 leather armour of the Sun {rElec Will++
                  | Str+2}
 63888 | Vaults:5 | Identified the ring of Kaiseshy {Str+6 Dex+3}
 64071 | Vaults:5 | Identified the +7 plate armour of Yjinuf {SInv} (You found
                  | it on level 5 of the Vaults)
 64095 | Vaults:5 | Got a silver rune of Zot
 64839 | Zot:1    | Entered Level 1 of the Realm of Zot
 65058 | Zot:1    | Received a gift from Okawaru
 65061 | Zot:1    | Identified the -4 hat of Resourcefulness {Harm rC- Str+6
                  | Dex-5} (Okawaru gifted it to you on level 1 of the Realm of
                  | Zot)
 65081 | Zot:1    | You fall into a shaft and drop 1 floor!
 66627 | Zot:2    | Reached skill level 15 in Evocations
 66649 | Zot:2    | Noticed an ancient lich
 66667 | Zot:2    | Killed an ancient lich
 66915 | Zot:2    | Received a gift from Okawaru
 67793 | Zot:3    | You fall into a shaft and drop 1 floor!
 67822 | Zot:4    | Received a gift from Okawaru
 67890 | Zot:4    | Identified the +6 scimitar "Hydraslayer" {vorpal, rPois rF+
                  | Int+4} (Okawaru gifted it to you on level 4 of the Realm of
                  | Zot)
 68634 | Zot:4    | Received a gift from Okawaru
 69195 | Zot:4    | Found a runed translucent gate.
 69195 | Zot:4    | Found a runed translucent gate.
 69195 | Zot:4    | Found an ancient bone altar of Kikubaaqudgha.
 69195 | Zot:4    | Found a runed translucent gate.
 69195 | Zot:4    | Noticed an ancient lich
 69195 | Zot:4    | Noticed Koub's ghost (legendary GnFE)
 69195 | Zot:4    | Noticed an ancient lich
 69195 | Zot:4    | Noticed an ancient lich
 69195 | Zot:4    | Noticed an ancient lich
 69471 | Zot:5    | Entered Level 5 of the Realm of Zot
 69671 | Zot:5    | Received a gift from Okawaru
 70023 | Zot:5    | Noticed an orb of fire
 70025 | Zot:5    | Gained mutation: Your body sometimes deteriorates upon
                  | taking damage. [an orb of fire]
 70030 | Zot:5    | Lost mutation: You are frail. (-10% HP) [an orb of fire]
 70034 | Zot:5    | Gained mutation: You are agile. (Dex +2) [an orb of fire]
 70047 | Zot:5    | Lost mutation: You are agile. (Dex +2) [an orb of fire]
 70048 | Zot:5    | Killed an orb of fire
 70049 | Zot:5    | Noticed an orb of fire
 70058 | Zot:5    | Killed an orb of fire
 70129 | Zot:5    | Noticed an orb of fire
 70148 | Zot:5    | Killed an orb of fire
 70192 | Zot:5    | Received a gift from Okawaru
 70203 | Zot:5    | Identified the +2 kite shield of a Thousand Eyes {rElec
                  | rCorr Int+2 SInv} (Okawaru gifted it to you on level 5 of
                  | the Realm of Zot)
 70437 | Zot:5    | Noticed an orb of fire
 70439 | Zot:5    | Noticed an orb of fire
 70439 | Zot:5    | Noticed an orb of fire
 70439 | Zot:5    | Gained mutation: Potions are less effective at restoring
                  | your health. [an orb of fire]
 70439 | Zot:5    | Noticed an orb of fire
 70440 | Zot:5    | Noticed an orb of fire
 70441 | Zot:5    | Noticed an orb of fire
 70441 | Zot:5    | Gained mutation: You have an increased reservoir of magic.
                  | (+10% MP) [an orb of fire]
 70446 | Zot:5    | Noticed an orb of fire
 70448 | Zot:5    | Gained mutation: You are frail. (-10% HP) [an orb of fire]
 70454 | Zot:5    | Gained mutation: Your spells are a little easier to cast,
                  | but a little less powerful. [an orb of fire]
 70456 | Zot:5    | Gained mutation: You do not regenerate when monsters are
                  | visible. [an orb of fire]
 70473 | Zot:4    | Lost mutation: You are frail. (-10% HP) [potion of
                  | mutation]
 70473 | Zot:4    | Lost mutation: You do not regenerate when monsters are
                  | visible. [potion of mutation]
 70473 | Zot:4    | Lost mutation: Your body sometimes deteriorates upon taking
                  | damage. [potion of mutation]
 70473 | Zot:4    | Lost mutation: Potions are less effective at restoring your
                  | health. [potion of mutation]
 70473 | Zot:4    | Lost mutation: Your spells are a little easier to cast, but
                  | a little less powerful. [potion of mutation]
 70473 | Zot:4    | Gained mutation: You have a pair of small antennae on your
                  | head. [potion of mutation]
 70473 | Zot:4    | Gained mutation: You are covered in fur. (AC +1) [potion of
                  | mutation]
 70640 | Zot:4    | Lost mutation: You have an increased reservoir of magic.
                  | (+10% MP) [potion of mutation]
 70640 | Zot:4    | Lost mutation: You have a pair of small antennae on your
                  | head. [potion of mutation]
 70640 | Zot:4    | Gained mutation: You are frail. (-10% HP) [potion of
                  | mutation]
 70640 | Zot:4    | Gained mutation: Your body sometimes deteriorates upon
                  | taking damage. [potion of mutation]
 70640 | Zot:4    | Gained mutation: Your muscles are strong. (Str +2) [potion
                  | of mutation]
 70641 | Zot:4    | Lost mutation: Your body sometimes deteriorates upon taking
                  | damage. [potion of mutation]
 70641 | Zot:4    | Lost mutation: You are frail. (-10% HP) [potion of
                  | mutation]
 70641 | Zot:4    | Lost mutation: Your muscles are strong. (Str +2) [potion of
                  | mutation]
 70641 | Zot:4    | Lost mutation: You are covered in fur. (AC +1) [potion of
                  | mutation]
 70641 | Zot:4    | Gained mutation: You are partially covered in yellow
                  | scales. (AC +2) [potion of mutation]
 70641 | Zot:4    | Gained mutation: Your spells are a little harder to cast,
                  | but a little more powerful. [potion of mutation]
 70641 | Zot:4    | Gained mutation: You have supernaturally acute eyesight.
                  | (SInv) [potion of mutation]
 70705 | Zot:5    | Gained mutation: You are clumsy. (Dex -2) [an orb of fire]
 70721 | Zot:5    | Gained mutation: You are dopey. (Int -2) [an orb of fire]
 70732 | Zot:5    | Killed an orb of fire
 70750 | Zot:5    | Gained mutation: Potions are less effective at restoring
                  | your health. [an orb of fire]
 70764 | Zot:5    | Killed an orb of fire
 70772 | Zot:5    | Gained mutation: You are very clumsy. (Dex -4) [an orb of
                  | fire]
 70774 | Zot:5    | Killed an orb of fire
 70783 | Zot:5    | Killed an orb of fire
 70785 | Zot:5    | Received a gift from Okawaru
 70821 | Zot:5    | Lost mutation: Your spells are a little harder to cast, but
                  | a little more powerful. [potion of mutation]
 70821 | Zot:5    | Lost mutation: You are partially covered in yellow scales.
                  | (AC +2) [potion of mutation]
 70821 | Zot:5    | Lost mutation: You are very clumsy. (Dex -4) [potion of
                  | mutation]
 70821 | Zot:5    | Gained mutation: You expend magic power (3 MP) to
                  | strengthen your wands. [potion of mutation]
 70821 | Zot:5    | Gained mutation: You possess an exceptional clarity of
                  | mind. [potion of mutation]
 70822 | Zot:5    | Lost mutation: You are dopey. (Int -2) [potion of mutation]
 70822 | Zot:5    | Lost mutation: You are clumsy. (Dex -2) [potion of
                  | mutation]
 70822 | Zot:5    | Lost mutation: You possess an exceptional clarity of mind.
                  | [potion of mutation]
 70822 | Zot:5    | Lost mutation: Potions are less effective at restoring your
                  | health. [potion of mutation]
 70822 | Zot:5    | Gained mutation: You have a pair of small horns on your
                  | head. [potion of mutation]
 70822 | Zot:5    | Gained mutation: You possess an exceptional clarity of
                  | mind. [potion of mutation]
 70822 | Zot:5    | Gained mutation: You are agile. (Dex +2) [potion of
                  | mutation]
 70866 | Zot:5    | Gained mutation: You are frail. (-10% HP) [an orb of fire]
 70871 | Zot:5    | Killed an orb of fire
 70904 | Zot:5    | Gained mutation: Armour fits poorly on your strangely
                  | shaped body. [an orb of fire]
 70905 | Zot:5    | Killed an orb of fire
 70906 | Zot:5    | Lost mutation: You are frail. (-10% HP) [potion of
                  | mutation]
 70906 | Zot:5    | Lost mutation: Armour fits poorly on your strangely shaped
                  | body. [potion of mutation]
 70906 | Zot:5    | Lost mutation: You expend magic power (3 MP) to strengthen
                  | your wands. [potion of mutation]
 70906 | Zot:5    | Lost mutation: You have supernaturally acute eyesight.
                  | (SInv) [potion of mutation]
 70906 | Zot:5    | Gained mutation: Your mind is acute. (Int +2) [potion of
                  | mutation]
 71152 | Zot:5    | Killed an orb of fire
 71222 | Zot:5    | Received a gift from Okawaru
 71672 | Hell     | Entered the Vestibule of Hell
 71672 | Hell     | Noticed Murray
 71693 | Hell     | Noticed Geryon
 71866 | Hell     | Reached skill level 27 in Shields
 71892 | Depths:5 | Killed Murray
 72190 | Hell     | Killed Geryon
 72363 | Hell     | Found a gateway to the freezing wastes of Cocytus.
 72386 | Hell     | Found a gateway to the Iron City of Dis.
 72556 | Hell     | Found a gateway to the ashen valley of Gehenna.
 72658 | Hell     | Received a gift from Okawaru
 72664 | Hell     | Found a gateway to the decaying netherworld of Tartarus.
 72883 | Depths:4 | Bought a potion of heal wounds for 100 gold pieces
 72883 | Depths:4 | Bought a potion of attraction for 60 gold pieces
 72883 | Depths:4 | Bought a potion of heal wounds for 100 gold pieces
 72883 | Depths:4 | Bought a potion of heal wounds for 100 gold pieces
 72883 | Depths:4 | Bought a potion of berserk rage for 100 gold pieces
 72883 | Depths:4 | Bought a potion of haste for 200 gold pieces
 72883 | Depths:4 | Bought a potion of might for 80 gold pieces
 72883 | Depths:4 | Bought a potion of mutation for 160 gold pieces
 72883 | Depths:4 | Bought a potion of mutation for 160 gold pieces
 73115 | D:10     | Bought a scroll of remove curse for 78 gold pieces
 73115 | D:10     | Bought a potion of might for 104 gold pieces
 73115 | D:10     | Bought a potion of mutation for 208 gold pieces
 73115 | D:10     | Bought a potion of curing for 78 gold pieces
 73361 | Dis:1    | Entered Level 1 of the Iron City of Dis
 73427 | Dis:1    | Received a gift from Okawaru
 74436 | Dis:6    | Received a gift from Okawaru
 74452 | Dis:7    | Entered Level 7 of the Iron City of Dis
 74591 | Dis:7    | Gained mutation: Armour fits poorly on your strangely
                  | shaped body. [a cacodemon]
 74599 | Dis:7    | Lost mutation: You have a pair of small horns on your head.
                  | [potion of mutation]
 74599 | Dis:7    | Lost mutation: Armour fits poorly on your strangely shaped
                  | body. [potion of mutation]
 74599 | Dis:7    | Lost mutation: You are agile. (Dex +2) [potion of mutation]
 74599 | Dis:7    | Gained mutation: You are partially covered in iridescent
                  | scales. (AC +2) [potion of mutation]
 74599 | Dis:7    | Gained mutation: Your spells are a little harder to cast,
                  | but a little more powerful. [potion of mutation]
 74606 | Dis:7    | Gained mutation: Scrolls take you a little longer to read.
                  | [a cacodemon]
 74606 | Dis:7    | Gained mutation: You are frail. (-10% HP) [a cacodemon]
 74763 | Dis:7    | Received a gift from Okawaru
 74876 | Dis:7    | Identified the +4 staff of Dispater
 74876 | Dis:7    | Noticed Dispater
 74903 | Dis:7    | Reached skill level 27 in Armour
 74933 | Dis:7    | Killed Dispater
 74979 | Dis:7    | Identified the Tome of Quantum Snow
 74982 | Dis:7    | Got an iron rune of Zot
 74983 | Dis:7    | Identified Roxanne's Grimoire of Mutagenic Earth
 75198 | Coc:1    | Entered Level 1 of Cocytus
 75825 | Coc:7    | Entered Level 7 of Cocytus
 75944 | Coc:7    | Received a gift from Okawaru
 76035 | Coc:7    | Identified the +0 scimitar "Eres" {freeze, rElec rF+ Str+2}
                  | (Okawaru gifted it to you on level 7 of Cocytus)
 76653 | Coc:7    | Received a gift from Okawaru
 76677 | Coc:7    | Identified the +4 tower shield of the Catamount {rF+ Regen+
                  | Dex+3} (Okawaru gifted it to you on level 7 of Cocytus)
 76832 | Coc:7    | Identified the +8 hand axe of Invincibility {protect,
                  | rElec}
 76909 | Coc:7    | Identified the +7 morningstar "Bivvor" {chaos, Str+9}
 76921 | Coc:7    | Identified the +0 long sword of Fedhas's Fury {venom, *Rage
                  | rF++ Will+ Str+2} (You found it on level 7 of Cocytus)
 77658 | Coc:7    | Noticed Antaeus
 77691 | Coc:7    | Killed Antaeus
 77704 | Coc:7    | Got an icy rune of Zot
 77831 | Tar:1    | Entered Level 1 of Tartarus
 77868 | Tar:2    | Lost mutation: You possess an exceptional clarity of mind.
                  | [potion of mutation]
 77868 | Tar:2    | Lost mutation: Your spells are a little harder to cast, but
                  | a little more powerful. [potion of mutation]
 77868 | Tar:2    | Gained mutation: You evolve. [potion of mutation]
 77868 | Tar:2    | Gained mutation: You are very frail. (-20% HP) [potion of
                  | mutation]
 77868 | Tar:2    | Gained mutation: Your movements are slightly less
                  | encumbered by armour. (ER -2) [potion of mutation]
 77869 | Tar:2    | Lost mutation: You are very frail. (-20% HP) [potion of
                  | mutation]
 77869 | Tar:2    | Lost mutation: You are frail. (-10% HP) [potion of
                  | mutation]
 77869 | Tar:2    | Lost mutation: Scrolls take you a little longer to read.
                  | [potion of mutation]
 77869 | Tar:2    | Lost mutation: Your mind is acute. (Int +2) [potion of
                  | mutation]
 77869 | Tar:2    | Gained mutation: Potions are less effective at restoring
                  | your health. [potion of mutation]
 77869 | Tar:2    | Gained mutation: You are strong-willed. (Will+) [potion of
                  | mutation]
 77922 | Hell     | Received a gift from Okawaru
 78442 | Tar:3    | HP: 6/186 [bone dragon[a doom hound] (13)]
 78868 | Tar:4    | Gained mutation: Your magical capacity is low. (-10% MP)
                  | [evolution]
 78973 | Tar:4    | Received a gift from Okawaru
 79000 | Tar:4    | Received a gift from Okawaru
 79001 | Tar:4    | Found the +18 shield of the Gong {rElec rN+ Will+ EV-5}
 79474 | Tar:7    | Entered Level 7 of Tartarus
 79995 | Tar:7    | Reached skill level 1 in Dodging
 80315 | Tar:7    | Received a gift from Okawaru
 80334 | Tar:7    | Noticed Ereshkigal
 80366 | Tar:7    | Slain by an Ice Fiend

Illustrated notes

Levels and vault maps discovered:
D:1:      dpeg_arrival_solitude, layout_basic
D:2:      layout_basic, old_standard_altar, old_standard_altar,
          minmay_pentomino_p2, uniq_sigmund
D:3:      kennysheep_slugbush, layout_rooms
D:4:      minmay_general_purpose_star, layout_loops_corners, serial_shops, shop,
          minmay_stone_trees_medium, grunt_decor_arrowhead, guppyfry_shop_venom,
          uniq_crazy_yiuf_cottage
D:5:      layout_basic, nicolae_overflow_crystal_walls, serial_shops,
          nicolae_shop_stone
D:6:      layout_loops_ring, lemuel_coloured_pillars_altar,
          minmay_misc_feat_square
D:7:      minmay_chambers_of_fours, layout_basic, temple_statues, serial_shops,
          shop, eino_jars
D:8:      layout_rooms, pdpol_wu_jian_five_deadly_venoms, dpeg_oklobed_lair,
          uniq_grum
D:9:      layout_rooms, bloody_trog, hiddenorc2_lemuel
D:10:     layout_stronghold, enter_bailey_5, serial_shops,
          nicolae_shop_competitors_out_of_business, grunt_decor_junction
D:11:     layout_loops_ring
D:12:     layout_basic
D:13:     layout_rooms, erik_vaults_1, uniq_sonja
D:14:     layout_gridville, hangedman_abyss_or_decor_clamps,
          kennysheep_kite_vault
D:15:     grunt_enter_depths_snipers, layout_basic, minmay_misc_feat_rows,
          basic_altar, minmay_statue_crystal_thing
Temple:   nicolae_temple_elliptical
Lair:1:   layout_chaotic_city, enter_volcano_2
Lair:2:   layout_cave_pods, minmay_swamp_entry_swarm,
          minmay_snake_entry_six_corridors, roderic_batcave,
          serial_bayou_shore_b, uniq_gastronok
Lair:3:   cheibrodos_lair_river_kwai, layout_small_grid
Lair:4:   layout_gridlike
Lair:5:   layout_gridlike, dpeg_slime_entry_enclosed_altar,
          hangedman_lair_generics_rect, minmay_lair_oklob_chamber,
          lemuel_fruit_tree, grunt_megastairs_5, serial_bayou_shore_b
Lair:6:   minmay_lair_end_enchanted_forest, layout_regular_city,
          gammafunk_ghost_hydra_chop, minivault_19
Swamp:1:  layout_basic_swamp, lemuel_altar_in_water, swamp_pool2, worms_lemuel
Swamp:2:  layout_falls_marsh, hangedman_swamp_blocks, swamp_pool4, uniq_frances
Swamp:3:  layout_basic_swamp, evilmike_swamp_ruin_house_6,
          hangedman_swamp_ravenous, uniq_donald
Swamp:4:  swamp_icy, layout_basic_swamp, swamp_pool4
Snake:1:  layout_grid_maze
Snake:2:  skrybe_snakes_to_sticks, layout_onion, uniq_vashnia, uniq_saint_roka,
          uniq_kirke
Snake:3:  layout_grid_maze
Snake:4:  snake_pit, layout_cave_town
Orc:1:    nicolae_orc_accident_1, layout_caves, nicolae_orc_damp_corner,
          uniq_urug
Orc:2:    st_orc_open, layout_diamond_mine, portal_ice_cave_entry_ice_beasts,
          basic_altar, mines2_david
Elf:1:    minmay_elf_arrival_circle, layout_loops_ring, minivault_28,
          minmay_shop_grid_forest
Elf:2:    layout_loops_corners, serial_shops, nicolae_shop_stone, shop,
          grunt_megastairs_4
Elf:3:    grunt_elf_hall_spiral, layout_geoelf_grid
Vaults:1: hangedman_vaults_capsules, v_rooms_6, vaults_dpeg_ring,
          vaults_mumra_minichess_inversion, v_misc_5,
          nicolae_vaults_little_squares_4, v_misc_27,
          nicolae_vaults_windows_and_doors_thing,
          nicolae_vaults_little_squares_5, vaults_room_pools,
          ontoclasm_vaults_idyll, grunt_vaults_hallway_short,
          layout_vaults_big_room, basic_altar, serial_glass
Vaults:2: ontoclasm_vaults_ring_large, v_alt_pattern_1, v_misc_23,
          grunt_vaults_bifocal, nicolae_vaults_three_branches,
          nicolae_vaults_mini_display_case, v_misc_14, v_misc_17,
          ontoclasm_vaults_hangar, ontoclasm_vaults_ligature,
          minmay_crypt_entry_simple_box, ontoclasm_vaults_chip,
          layout_vaults_omnicross, uniq_margery
Vaults:3: v_alt_pattern_4, dpeg_vaults_monster_row, v_rooms_1, v_pattern_2,
          v_misc_5, hangedman_vaults_slice, nicolae_vaults_little_squares_2,
          grunt_vaults_trifunnel, dpeg_vaults_waves, vaults_dpeg_diagonal,
          vaults_room_hallway, ontoclasm_vaults_twist, nicolae_vaults_rhombus_5,
          vaults_room_grid, layout_vaults_ring, uniq_xtahua
Vaults:4: nicolae_vaults_angled_halls, vaults_room_semicircle,
          hangedman_vaults_river_flow, ontoclasm_vaults_eye, st_hourglassy,
          vaults_dpeg_spiral, vaults_room_pool, layout_vaults_omnigrid
Vaults:5: serial_shops
Crypt:1:  lemuel_upstairs_altar, layout_misc_corridors, palyth_stone_intersect,
          grunt_crypt_arrival_guarded_gate, grunt_megastairs_2, uniq_mennas
Crypt:2:  layout_misc_corridors, minmay_guarded_unrand_vampires_tooth
Crypt:3:  evilmike_haunted_forest, uniq_mara
Depths:1: layout_twisted_cross, hell_entry, chequers_serial_rivers_micro_a,
          serial_rivers, chequers_serial_rivers_micro_a,
          chequers_serial_rivers_small_b, chequers_serial_rivers_micro_a,
          chequers_serial_rivers_marsh, kennysheep_cluttered_room,
          lemuel_flamethrower_2
Depths:2: minmay_the_grid_net [minmay_the_grid_doors, minmay_the_grid_gridbox,
          minmay_the_grid_fan, minmay_the_grid_x, minmay_the_grid_outer_circle,
          minmay_the_grid_prize_four_corners], layout_honeycomb,
          lightli_too_deep, hangedman_decor_riveting,
          kennysheep_opposing_triangles
Depths:3: grunt_forest_end_shrine, layout_gridville, enter_ziggurat_f,
          pf_hell_entry_tar_river, rand_demon_pan_entry_8,
          nicolae_twisting_strands, chequers_serial_rivers_micro_c
Depths:4: minmay_shrinking_squares, layout_basic, abyss_entry,
          grunt_hell_entry_dis_grunt, serial_shops, kennysheep_little_box,
          serial_bayou_shore_b, minmay_shop_star,
          infiniplex_staircase_pillars_2, serial_bayou_shore_a
Depths:5: grunt_twist_and_shout, layout_gridlike, hell_entry,
          grunt_pan_entry_sceptre, hangedman_decor_clover_reticule,
          hallowed_hall
Hell
Dis:1:    layout_overlapping_boxes
Dis:2:    layout_jigsaw
Dis:3:    layout_jigsaw, hangedman_dis_decor_blocks_talon
Dis:4:    layout_chaotic_city
Dis:5:    layout_regular_city
Dis:6:    layout_subdivisions, grunt_dis_stairs_iron_hall
Dis:7:    dis_st
Coc:1:    layout_ice_bergs
Coc:2:    layout_ice_bergs
Coc:3:    layout_cocytus_water_paths
Coc:4:    layout_cocytus_delve, hangedman_elemental_grid_stream
Coc:5:    layout_cocytus_water_paths, hangedman_elemental_corridor
Coc:6:    layout_cocytus_water_paths
Coc:7:    coc_dpeg
Tar:1:    layout_grid_maze
Tar:2:    layout_cathedral_of_symmetry
Tar:3:    layout_catacombs
Tar:4:    layout_grid_maze
Tar:5:    layout_honeycomb
Tar:6:    layout_honeycomb
Tar:7:    tar_minmay_river
Zot:1:    layout_cellular_growth, amethyst_zot_foddershock
Zot:2:    layout_cellular_growth, lemuel_lich_library
Zot:3:    layout_gridlike, st_single_dragon_hoard_1, st_stairs_11,
          zot_minivault_1
Zot:4:    layout_basic, gammafunk_ghost_crypt
Zot:5:    layout_misc_corridors, st_stairs_3

Skill      XL: |  1  2  3  4  5  6  7  8  9 10 11 12 13 14 15 16 17 18 19 20 21 22 23 24 25 26 27 |
---------------+----------------------------------------------------------------------------------+-----
Long Blades    | 2 3 4 5 6 7 9 10 11 12 13 14 15 16 17 19 20 21 26 | 26.6
Armour         | 4 5 7 8 9 10 11 12 13 14 15 16 17 18 19 20 21 22 23 27 | 27.0
Shields        | 4 5 7 8 9 11 13 15 16 17 18 19 20 21 22 23 24 27 | 27.0
Fighting       | 4 5 6 7 8 9 10 11 12 13 14 15 16 17 23 | 23.7
Invocations    | 1 2 3 4 5 6 7 8 9 10 11 12 13 14 15 16 17 22 | 22.3
Evocations     | 3 4 5 6 7 8 9 10 11 12 13 14 19 | 19.0
Dodging        | 1 |  1.9

Action                   |  1- 3 |  4- 6 |  7- 9 | 10-12 | 13-15 | 16-18 | 19-21 | 22-24 | 25-27 || total
-------------------------+-------+-------+-------+-------+-------+-------+-------+-------+-------++-------
Melee: Long sword        |   114 |   225 |   503 |  1023 |   214 |       |       |       |       ||  2079
       Scimitar          |       |       |       |    82 |   150 |       |    86 |       |       ||   318
       Double sword      |       |       |       |       |   427 |       |       |  1082 |  1288 ||  2797
       Demon blade       |       |       |       |       |   787 |  1478 |  1800 |   453 |       ||  4518
       Katana            |       |       |       |       |       |       |       |       |  4688 ||  4688
       Headbutt          |       |       |       |       |       |       |       |       |   414 ||   414
Invok: Heroism           |       |     3 |     7 |    25 |    27 |    27 |    27 |    30 |   101 ||   247
       Finesse           |       |       |       |     2 |     7 |    11 |    11 |    10 |    43 ||    84
 Abil: Fly               |       |       |       |       |     2 |       |       |     2 |     2 ||     6
       Stop Flying       |       |       |       |       |     1 |       |       |     2 |     2 ||     5
Evoke: Wand              |       |       |       |    10 |    28 |     2 |       |       |     2 ||    42
       Lightning rod     |       |       |       |       |     4 |       |       |       |       ||     4
       Tin of tremorston |       |       |       |       |     2 |     1 |       |       |     3 ||     6
       Condenser vane    |       |       |       |       |       |       |       |     3 |     4 ||     7
  Use: Scroll            |     4 |     4 |     7 |     8 |    17 |     3 |     6 |    22 |    33 ||   104
       Potion            |       |     5 |       |     2 |     5 |       |     2 |     3 |    41 ||    58
 Stab: Invisible         |       |       |       |       |     1 |       |       |       |       ||     1
       Distracted        |       |       |       |       |       |       |       |     5 |     9 ||    14
       Confused          |       |       |       |       |       |       |       |       |     1 ||     1
Armor: Scale mail        |    79 |    61 |       |       |       |       |       |       |       ||   140
       Chain mail        |       |   140 |   325 |   178 |       |       |       |       |       ||   643
       Plate armour      |       |       |       |   350 |   815 |   649 |   306 |       |       ||  2120
       Crystal plate arm |       |       |       |       |       |       |   655 |   870 |  2348 ||  3873
Dodge: Dodged            |    56 |    88 |   125 |   282 |   372 |   331 |   352 |   339 |   932 ||  2877
Block: Kite shield       |    70 |   149 |   294 |   794 |  1288 |  1003 |  1206 |  1110 |  5244 || 11158
       Reflection        |       |       |       |       |       |       |    36 |    48 |   150 ||   234
       Rpst.: Long sword |    17 |    22 |    46 |    77 |    20 |       |       |       |       ||   182
       Scimitar          |       |       |       |     3 |     6 |       |     1 |       |       ||    10
       Double sword      |       |       |       |       |    32 |       |       |    38 |    38 ||   108
       Demon blade       |       |       |       |       |    43 |    74 |    75 |    22 |       ||   214
       Katana            |       |       |       |       |       |       |       |       |   129 ||   129

Table legend: (Time is in decaauts)
 A = Elapsed time spent in this place.
 B = Non-inter-level travel time spent in this place.
 C = Inter-level travel time spent in this place.
 D = Time resting spent in this place.
 E = Time spent auto-exploring this place.
 F = Levels seen in this place.
 G = Mean time per level.
                   A        B        C        D        E       F      G
               +--------+--------+--------+--------+--------+-----+--------+
         Total |  73130 |  66711 |   6419 |   2494 |  41577 |  79 |  925.7 |
       Dungeon |  17681 |  15330 |   2351 |    266 |  10885 |  15 | 1178.7 |
        Temple |    142 |    120 |     22 |      0 |    119 |   1 |  142.0 |
          Lair |   7494 |   6536 |    958 |     17 |   5020 |   6 | 1249.0 |
         Swamp |   3492 |   3353 |    139 |      0 |   2515 |   4 |  873.0 |
     Snake Pit |   4412 |   4105 |    307 |      0 |   3081 |   4 | 1103.0 |
  Orcish Mines |   1851 |   1692 |    159 |    307 |    808 |   2 |  925.5 |
   Elven Halls |   2812 |   2551 |    261 |      0 |   1642 |   3 |  937.3 |
        Vaults |   7847 |   7183 |    664 |    173 |   4885 |   5 | 1569.4 |
         Crypt |   4464 |   4168 |    296 |      0 |   2805 |   3 | 1488.0 |
        Depths |   9219 |   8345 |    874 |    391 |   5811 |   5 | 1843.8 |
          Hell |   1435 |   1406 |     29 |    657 |    234 |   1 | 1435.0 |
           Dis |   1272 |   1272 |      0 |      0 |      0 |   7 |  181.7 |
       Cocytus |   1579 |   1579 |      0 |      0 |      6 |   7 |  225.6 |
      Tartarus |   1632 |   1632 |      0 |      0 |     18 |   7 |  233.1 |
           Zot |   5714 |   5359 |    355 |    428 |   2876 |   5 | 1142.8 |
         Abyss |     60 |     60 |      0 |      0 |      0 |   1 |   60.0 |
        Bailey |    679 |    679 |      0 |      0 |    396 |   1 |  679.0 |
      Ice Cave |    734 |    734 |      0 |      0 |    466 |   1 |  734.0 |
       Volcano |    603 |    603 |      0 |    255 |      7 |   1 |  603.0 |
               +--------+--------+--------+--------+--------+-----+--------+

Top non-repeatable levels by time:
 Crypt:3: 2386 daAuts
Depths:2: 2308 daAuts
Depths:5: 2181 daAuts
Depths:4: 1871 daAuts
Vaults:4: 1812 daAuts
Vaults:1: 1708 daAuts
Vaults:3: 1675 daAuts
    D:12: 1579 daAuts
     D:2: 1521 daAuts
    D:15: 1511 daAuts
   Zot:5: 1473 daAuts
Vaults:2: 1467 daAuts
Depths:3: 1467 daAuts
    D:13: 1451 daAuts
  Lair:5: 1447 daAuts
